 Dungeon Crawl Stone Soup version 0.29-a0-323-g050149af67 (webtiles) character file.

Game seed: 5251219458605593336

2 Jortsu the Skirmisher (level 1, -3/24 HPs)
             Began as an Ogre Fighter on Apr 10, 2022.
             Slain by a gnoll
             ... wielding a +0 spear
              (6 damage)
             ... on level 1 of the Dungeon.
             The game lasted 00:00:04 (17 turns).

Jortsu the Skirmisher (Ogre Fighter)                  Turns: 17, Time: 00:00:05

Health: -3/24      AC:  3    Str: 19    XL:     1   Next: 40%
Magic:  1/1        EV:  8    Int:  9    God:
Gold:   0          SH:  7    Dex:  8    Spells: 0/0 levels left

rFire   . . .      SeeInvis .   a - +0 war axe
rCold   . . .      Faith    .   c - +0 kite shield
rNeg    . . .      Spirit   .   b - +0 robe
rPois   .          Reflect  .   (helmet restricted)
rElec   .          Harm     .   (no cloak)
rCorr   .          Rampage  .   (gloves unavailable)
Will    .....                   (boots unavailable)
Stlth   +.........              (no amulet)
HPRegen 0.08/turn               (no ring)
MPRegen 0.07/turn               (no ring)

@: no status effects
A: large, unfitting armour, tough skin 1
a: no special abilities


You were on level 1 of the Dungeon.
You visited 1 branch of the dungeon, and saw 1 of its levels.

Inventory:

Hand Weapons
 a - a +0 war axe (weapon)
Armour
 b - a +0 robe (worn)
 c - a +0 kite shield (worn)
Potions
 d - a potion of might


   Skills:
 + Level 4.1 Fighting
 + Level 2.0 Axes
 + Level 2.7 Dodging
 + Level 2.7 Shields


You couldn't memorise any spells.
You didn't know any spells.
Your spell library was empty.

Dungeon Overview and Level Annotations

Branches:
Dungeon (1/15)

Altars:


Innate Abilities, Weirdness & Mutations

You are too large for most types of armour.
You have tough skin. (AC +1)


Message History

Will you be the one to retrieve the terrific Orb of Zot from the depths?
Press ? for a list of commands and other information.
Found a staircase leading out of the dungeon.
A jackal comes into view.
The jackal barks!
A jackal comes into view.
The jackal moves out of view.
A jackal and a gnoll come into view.
The jackal barks!
The gnoll shouts!
A jackal comes into view.
The jackal barks!
You block the jackal's attack.
The jackal moves out of view.
The jackal barks!
You slash the jackal!
You kill the jackal!
You barely miss the jackal. The jackal bites you. The jackal barely misses you.
You barely miss the jackal. The jackal bites you. x2
The jackal barely misses you.
You hit the jackal but do no damage. You hit the jackal.
You block the jackal's attack. The jackal barely misses you.
The gnoll hits you from afar with a +0 spear.
You block the jackal's attack. The jackal bites you.
The gnoll closely misses you. The jackal bites you.
You block the jackal's attack. The gnoll barely misses you.
The jackal bites you.
You barely miss the gnoll. You miss the jackal. You barely miss the jackal.
You slash the jackal!
You kill the jackal!
The jackal bites you. The jackal closely misses you. The jackal bites you.
* * * LOW HITPOINT WARNING * * *
The gnoll hits you with a +0 spear.
* * * LOW HITPOINT WARNING * * *
The jackal bites you but does no damage.
The jackal bites you.
* * * LOW HITPOINT WARNING * * *
You closely miss the gnoll. You barely miss the jackal.
You closely miss the jackal.
The jackal bites you but does no damage.
The gnoll hits you with a +0 spear.
You die...

.....P...P.♣.P.#
...P...P.......##
#......♣.♣..PP...
........♣.....##
#.#.P....♣♣.#.#
.........###.#
##.##.#...## . #.
#......#.###
#..†@g......
##†hh..#.###
..........#
#.......#.###
#.#######.# .. .#
# .#


You could see a gnoll and 2 jackals.

Vanquished Creatures
  2 jackals (D:1)
2 creatures vanquished.

Notes
Turn   | Place    | Note
-------+----------+-------------------------------------------
     0 | D:1      | Jortsu the Ogre Fighter began the quest for the Orb.
     0 | D:1      | Reached XP level 1. HP: 24/24 MP: 1/1
    17 | D:1      | Slain by a gnoll

Illustrated notes

Levels and vault maps discovered:
D:1:      wander_arrival_fairy_ring, layout_loops_ring, serial_shops,
          nicolae_shop_crystal, ebering_ecumenical_altar_mist, corner_web_ring

Action                   || total
-------------------------++-------
Melee: War axe           ||     6
Armor: Robe              ||     2
Dodge: Dodged            ||     6
Block: Kite shield       ||     4

Table legend: (Time is in decaauts)
 A = Elapsed time spent in this place.
 B = Non-inter-level travel time spent in this place.
 C = Inter-level travel time spent in this place.
 D = Time resting spent in this place.
 E = Time spent auto-exploring this place.
 F = Levels seen in this place.
 G = Mean time per level.
                   A        B        C        D        E       F      G
               +--------+--------+--------+--------+--------+-----+--------+
         Total |     19 |     19 |      0 |      0 |      8 |   1 |   19.0 |
       Dungeon |     19 |     19 |      0 |      0 |      8 |   1 |   19.0 |
               +--------+--------+--------+--------+--------+-----+--------+

Top non-repeatable levels by time:
     D:1: 19 daAuts
